 Dungeon Crawl Stone Soup version 0.20-a0-540-ge6d1839 (webtiles) character file.

466 Alarkh the Chopper (level 6, -1/47 HPs)
             Began as a Demonspawn Monk on Jan 29, 2017.
             Was a Believer of Okawaru.
             Slain by a black bear (3 damage)
             ... on level 4 of the Dungeon.
             The game lasted 00:03:39 (2913 turns).

Alarkh the Chopper (Demonspawn Monk)                Turns: 2913, Time: 00:03:39

Health: -1/47      AC:  9    Str:  9 (12) XL:     6   Next: 81%
Magic:  6/6        EV: 12    Int: 10 (13) God:    Okawaru [**....]
Gold:   157        SH:  0    Dex: 13 (15) Spells: 5/5 levels left

rFire    . . .     SeeInvis .   a - +0 hand axe
rCold    . . .     Gourm    .   d - +3 leather armour {rPois}
rNeg     . . .     Faith    .   (no shield)
rPois    +         Spirit   .   (helmet restricted)
rElec    .         Reflect  .   (no cloak)
rCorr    .         Harm     .   (no gloves)
MR       .....                  j - +2 pair of boots
Stlth    +.........             (no amulet)
Regen    0.2/turn               (no ring)
                                (no ring)

@: drained
A: horns 1, demonic guardian 1
a: Heroism, Renounce Religion


You were on level 4 of the Dungeon.
You worshipped Okawaru.
Okawaru was pleased with you.
You were hungry.

You visited 2 branches of the dungeon, and saw 5 of its levels.

You collected 157 gold pieces.

Inventory:

Hand Weapons
 a - a +0 hand axe (weapon)
Armour
 b - a +0 robe
 d - a +3 leather armour of poison resistance (worn)
 j - a +2 pair of boots (worn)
Jewellery
 n - an uncursed amulet of harm
 o - a +4 ring of strength {unknown}
Wands
 q - a wand of paralysis (18/24)
Scrolls
 e - 4 scrolls of identify {unknown}
 g - a scroll of enchant armour
 i - 3 scrolls of remove curse
 k - a scroll of recharging {unknown}
 m - a scroll of enchant weapon {unknown}
 p - a scroll of fog {unknown}
Comestibles
 c - 4 bread rations
 f - 3 fruits
 h - 3 meat rations
 l - 2 royal jellies


   Skills:
 - Level 3.0(2.4) Fighting
 + Level 7.1(6.4) Axes
 - Level 2.6(2.1) Dodging
 - Level 1.7(1.1) Stealth


You had 5 spell levels left.
You didn't know any spells.

Dungeon Overview and Level Annotations

Branches:
Dungeon (4/15)             Temple (1/1) D:4

Altars:
Ashenzari
Cheibriados
Dithmenos
Elyvilon
Fedhas
Gozag
Hepliaklqana
Kikubaaqudgha
Makhleb
Nemelex Xobeh
Okawaru
Qazlal
Ru
Sif Muna
Trog
Uskayaw
Vehumet
Xom
Yredelemnul
Zin
The Shining One

Shops:
D:4 *


Innate Abilities, Weirdness & Mutations

You have a pair of small horns on your head.
A weak demonic guardian rushes to your aid.


Message History

You swap places.
The black bear bites your white imp.
The black bear claws your white imp. x2; Your white imp hits the black bear.
Your white imp freezes the black bear.
The black bear bites your white imp but does no damage.
The black bear claws your white imp.
Your white imp dies!
You barely miss the black bear.
The black bear is almost dead.
The black bear bites you but does no damage.
The black bear claws you.
* * * LOW HITPOINT WARNING * * *
The black bear claws you.
* * * LOW HITPOINT WARNING * * *
The black bear misses you. The black bear claws you.
* * * LOW HITPOINT WARNING * * *
The black bear barely misses you.
You barely miss the black bear.
The black bear is almost dead.
The black bear bites you.
You die...

#.# #.# ######### #.# #........
###.###.########.#.#####
...................#####
###.###.................
###.###.###..........[##
......5h# #......#..#.##
###.###@# #.............
###########.....###..##.........
#...............................
##.########>.............##.##.#.
..........................#.##.#.
##.####.###....#####...#..#.##.#.
#.# #.# #..#+#####...#....##.#.
#.# #.# #............#.#.......
#.####+###....................#.


You could see a black bear (berserk) and a friendly shadow imp.

Vanquished Creatures
  The ghost of Kenran the Slasher, an amateur TeBe of Trog (D:4)
  A howler monkey (D:4)
  2 hounds (D:4)
  An orc priest (D:4)
  Ijyb (D:2)
  Terence (D:2)
  Natasha (D:3)
  An adder (D:3)
  3 worms (D:2)
  A dart slug (D:1)
  2 leopard geckos (D:1)
  4 orcs (D:4)
  2 giant cockroaches
  5 goblins
  7 hobgoblins
  5 jackals
  A quokka (D:2)
  2 ball pythons
  6 bats
  6 frilled lizards
  5 kobolds
  5 rats
63 creatures vanquished.

Vanquished Creatures (collateral kills)
  Sigmund (D:2)
1 creature vanquished.

Vanquished Creatures (others)
  5 toadstools (D:1)
5 creatures vanquished.

Grand Total: 69 creatures vanquished

Notes
Turn   | Place    | Note
-------+----------+-------------------------------------------
     0 | D:1      | Alarkh the Demonspawn Monk began the quest for the Orb.
     0 | D:1      | Reached XP level 1. HP: 18/18 MP: 1/1
    20 | D:1      | Reached skill level 3 in Axes
    70 | D:1      | Gained mutation: You have a pair of small horns on your head. [demonic ancestry]
    70 | D:1      | Reached XP level 2. HP: 16/24 MP: 2/2
   533 | D:1      | Gained mutation: A weak demonic guardian rushes to your aid. [demonic ancestry]
   533 | D:1      | Reached XP level 3. HP: 29/29 MP: 3/3
   635 | D:2      | Reached skill level 4 in Axes
   638 | D:2      | Noticed Sigmund
   648 | D:2      | Killed Sigmund
   648 | D:2      | Reached skill level 5 in Axes
   648 | D:2      | Reached XP level 4. HP: 14/35 MP: 4/4
   648 | D:2      | Reached XP level 5. HP: 16/41 MP: 5/5
   950 | D:2      | Noticed Ijyb
   964 | D:2      | Killed Ijyb
  1360 | D:2      | Noticed Terence
  1388 | D:2      | Killed Terence
  1388 | D:2      | Reached skill level 6 in Axes
  1809 | D:3      | Noticed Natasha
  1819 | D:3      | Killed Natasha
  1819 | D:3      | Reached XP level 6. HP: 40/47 MP: 6/6
  2059 | D:3      | You fall through a shaft!
  2077 | D:4      | Noticed Kenran's ghost (amateur TeBe)
  2087 | D:4      | Killed Kenran's ghost
  2106 | D:4      | Found a staircase to the Ecumenical Temple.
  2122 | Temple   | Entered the Ecumenical Temple
  2292 | Temple   | Became a worshipper of Warmaster Okawaru
  2292 | Temple   | Reached * piety under Okawaru
  2292 | Temple   | Reached ** piety under Okawaru
  2484 | D:4      | Found Jousseuv's General Store.
  2522 | D:4      | Reached skill level 7 in Axes
  2912 | D:4      | HP: 2/47 [black bear (2)]
  2913 | D:4      | Slain by a black bear

Vault maps used:
D:1:      ldierk_walled_garden
D:2:      uniq_sigmund, uniq_iyjb, uniq_terence
D:3:      grunt_decor_mini_mirrors, serial_bayou_lagoon_b, uniq_natasha
D:4:      minmay_temple_entry_purple_smoke, first_bread, serial_shops,
          nicolae_shop_statue_plus
Temple:   kilobyte_greek_temple

Skill      XL: |  1  2  3  4  5  6 |
---------------+-------------------+-----
Axes           | 3 5 6 7 |  7.1
Fighting       | |  3.0
Dodging        | |  2.6
Stealth        | |  1.7

Action                   |  1- 3 |  4- 6 || total
-------------------------+-------+-------++-------
Melee: Hand axe          |    82 |   187 ||   269
       Headbutt          |     7 |    36 ||    43
  Use: Potion            |     1 |     3 ||     4
       Scroll            |       |     2 ||     2
 Stab: Sleeping          |     8 |     3 ||    11
       Distracted        |       |     1 ||     1
  Eat: Chunk             |       |     6 ||     6
Armor: Robe              |    22 |     3 ||    25
       Leather armour    |       |    69 ||    69
Dodge: Dodged            |    61 |   111 ||   172
